AoeStats
← 小白

Arabia

509326260Analyzed
4v4 RM · 6d ago on Sep 26, 2026· 22m 22s· 8 players
Game mode
Random Map
Map size
Large (8 player)
Population
200
Speed
Normal
Resources
Standard
Victory
Conquest
Starting age
Dark Age
Ending age
Imperial Age
RankedLock teamsTeams togetherTeam positionsShared explorationLock speedFull tech treeHidden civsTurbo modeCheats
Victory
Defeat
🇭🇰 Varangians · Hong Kong SAR China
2075
+3
🇹🇼 Britons · Taiwan
2071
+3
🇹🇼 Varangians · Taiwan
1909
+7
🇹🇼 Maya · Taiwan
1610
+17
🇨🇳 Khmer · China
1790
-11
🇨🇳 Maya · China
1758
-9
🇫🇷 Ethiopians · France
1616
-5
🇹🇼 Varangians · Taiwan
1601
-5
H萝卜
8:54 Feudal Age
9:49 Double-Bit Axe
11:05 Bloodlines
15:16 Horse Collar
16:57 Scale Barding Armor
17:59 Forging
21:02 Wheelbarrow
20:23 Loom
好奇小牛
3:48 Loom
9:27 Feudal Age
12:27 Bloodlines
17:12 Scale Barding Armor
iFxrY
5:06 Loom
8:14 Feudal Age
10:45 Fletching
13:28 Double-Bit Axe
16:06 Horse Collar
17:15 Town Watch
17:54 Padded Archer Armor
23:55 Castle Age
夏天九号
0:25 Loom
8:53 Feudal Age
11:48 Fletching
12:35 Double-Bit Axe
14:42 Padded Archer Armor
20:57 Wheelbarrow
23:53 Castle Age
重炮手雷龍
0:26 Loom
8:51 Feudal Age
12:31 Fletching
21:20 Castle Age
21:58 Bodkin Arrow
21:44 Crossbowman
22:18 Double-Bit Axe
Nezzar
5:21 Loom
8:31 Feudal Age
9:35 Double-Bit Axe
12:22 Bloodlines
16:17 Scale Barding Armor
20:26 Horse Collar
21:06 Forging
老天鵝
6:37 Loom
9:14 Feudal Age
9:44 Double-Bit Axe
11:50 Fletching
20:12 Castle Age
18:48 Gold Mining
20:07 Horse Collar
20:48 Bodkin Arrow
20:14 Crossbowman
22:22 Ballistics
小白
8:45 Feudal Age
9:32 Double-Bit Axe
12:13 Loom
12:50 Bloodlines
13:46 Horse Collar
15:35 Scale Barding Armor
17:24 Wheelbarrow
Connection lost

Rejoining the realm…

Still unreachable

The connection could not be restored.

Session expired

The server has moved on; the page needs a fresh start.